 Dungeon Crawl Stone Soup version 0.28-a0-1496-g3c2d799 (webtiles) character file.

Game seed: 12643577532677246392

21 SirPussy the Sneak (level 2, 0/11 HPs)
             Began as a Felid Earth Elementalist on June 4, 2020.
             Slain by a hobgoblin (5 damage)
             ... on level 1 of the Dungeon on Jan 12, 2022.
             The game lasted 00:03:41 (1063 turns).

SirPussy the Sneak (Felid Earth Elementalist)       Turns: 1063, Time: 00:03:42

Health: 0/11       AC:  1    Str:  4    XL:     2   Next: 62%
Magic:  6/6        EV: 17    Int: 16    God:
Gold:   71         SH:  0    Dex: 16    Spells: 4/5 levels left
                                        Lives:  0   Deaths: 0

rFire   . . .      SeeInvis +   (weapon unavailable)
rCold   . . .      Faith    .   (shield unavailable)
rNeg    . . .      Spirit   .   (armour unavailable)
rPois   +          Reflect  .   (helmet unavailable)
rElec   .          Harm     .   (cloak unavailable)
rCorr   .          Rampage  .   (gloves unavailable)
Will    .....                   (boots unavailable)
Stlth   ++........              (no amulet)
HPRegen 0.03/turn               f - ring of poison resistance
MPRegen 0.10/turn               (no ring)

@: quick
A: very small, claws 1, fangs 3, see invisible, speed 1, shaggy fur 1, stealthy
paws, no weapons or thrown items, no armour, multi-lived
a: no special abilities


You were on level 1 of the Dungeon.
You visited 1 branch of the dungeon, and saw 1 of its levels.

You collected 71 gold pieces.

Inventory:

Missiles
 b - 81 stones
Jewellery
 f - a ring of poison resistance (left paw)
Scrolls
 a - a scroll of enchant armour {unknown}
Potions
 d - a potion of degeneration {unknown}
 e - a potion of curing {unknown}
 g - a potion of heal wounds {unknown}


   Skills:
 + Level 3.1 Dodging
 + Level 3.1 Stealth
 + Level 2.2 Spellcasting
 - Level 1.1 Transmutations
 * Level 3.1 Earth Magic


You had 4 spell levels left.
You knew the following spells:

 Your Spells              Type           Power      Damage    Failure   Level
a - Sandblast             Erth           22%        2d7       5%          1

Your spell library contained the following spells:

 Spells                   Type           Power      Damage    Failure   Level
 Passwall                 Tmut/Erth      6%         N/A       13%         2
 Stone Arrow              Conj/Erth      12%        3d7       32%         3
 Petrify                  Tmut/Erth      8%         N/A       63%         4
 Lee's Rapid Deconstruct  Erth           5%         3d7*      83%         5


Dungeon Overview and Level Annotations

Branches:
Dungeon (1/15)

Altars:


Innate Abilities, Weirdness & Mutations

You have sharp claws.
You have razor-sharp teeth.
You have supernaturally acute eyesight. (SInv)
You cover ground quickly. (Speed+)
You are covered in fur. (AC +1)
Your paws help you pounce on unaware monsters.
You are incapable of wielding weapons or throwing items.
You cannot wear armour.
You gain extra lives every three experience levels.


Message History

The giant cockroach is severely wounded.
The hobgoblin hits you.
The giant cockroach bites you but does no damage.
You are too injured to fight recklessly!
You are too injured to fight recklessly!
You are too injured to fight recklessly!
You are too injured to fight recklessly!
You are too injured to fight recklessly!
You are too injured to fight recklessly!
You are too injured to fight recklessly!
You are too injured to fight recklessly!
You are too injured to fight recklessly!
You are too injured to fight recklessly!
You are too injured to fight recklessly!
You are too injured to fight recklessly!
You are too injured to fight recklessly!
You are too injured to fight recklessly!
You are too injured to fight recklessly!
You are too injured to fight recklessly!
You are too injured to fight recklessly!
You are too injured to fight recklessly!
You scratch the giant cockroach.
You kill the giant cockroach!
You closely miss the hobgoblin. The hobgoblin barely misses you.
You scratch the hobgoblin.
The hobgoblin is heavily wounded.
The hobgoblin misses you.
You barely miss the hobgoblin.
The hobgoblin is heavily wounded.
The hobgoblin misses you.
You scratch the hobgoblin.
The hobgoblin is almost dead.
The hobgoblin barely misses you.
You closely miss the hobgoblin. Your bite misses the hobgoblin.
The hobgoblin is almost dead.
The hobgoblin completely misses you.
You barely miss the hobgoblin.
The hobgoblin is almost dead.
The hobgoblin hits you.
You die...

.# ## ##.###.
.# #...... .#.
...# #
#.##...###
#.####..(.....#
#..@g..........
######........#
###.##...###
##.†.##......
#.###.# ....#
#. #.# .##.#
#.###.# # .
##...##...
#........#


You could see a hobgoblin.

Vanquished Creatures
  2 dart slugs (D:1)
  3 bats (D:1)
  A ghost (D:1)
  A giant cockroach (D:1)
  2 goblins (D:1)
  A hobgoblin (D:1)
  4 kobolds (D:1)
  2 rats (D:1)
16 creatures vanquished.

Notes
Turn   | Place    | Note
-------+----------+-------------------------------------------
     0 | D:1      | SirPussy the Felid Earth Elementalist began the quest for
                  | the Orb.
     0 | D:1      | Reached XP level 1. HP: 7/7 MP: 4/4
    54 | D:1      | Upgraded the game from 0.26-a0-51-g379118c to
                  | 0.26-a0-52-gd53d4cd
   277 | D:1      | Upgraded the game from 0.26-a0-52-gd53d4cd to
                  | 0.28-a0-1496-g3c2d799
   341 | D:1      | Reached XP level 2. HP: 8/11 MP: 6/6
  1063 | D:1      | Slain by a hobgoblin

Illustrated notes

Levels and vault maps discovered:
D:1:      lightli_iron_boxes, layout_loops_ring, serial_bayou_pond_a,
          st_stairs_14, roderic_nine_men_s_morris

Skill      XL: |  1  2 |
---------------+-------+-----
Stealth        | 3 |  3.1
Earth Magic    | 3 |  3.1
Dodging        | 3 |  3.1
Spellcasting   | |  2.2
Transmutations | |  1.1

Action                   || total
-------------------------++-------
Melee: Unarmed           ||    53
       Bite              ||     5
 Cast: Sandblast         ||     1
 Stab: Sleeping          ||     4
  Eat: Removed food      ||     4
Armor: Skin              ||     4
Dodge: Dodged            ||    46

Table legend: (Time is in decaauts)
 A = Elapsed time spent in this place.
 B = Non-inter-level travel time spent in this place.
 C = Inter-level travel time spent in this place.
 D = Time resting spent in this place.
 E = Time spent auto-exploring this place.
 F = Levels seen in this place.
 G = Mean time per level.
                   A        B        C        D        E       F      G
               +--------+--------+--------+--------+--------+-----+--------+
         Total |   1014 |   1014 |      0 |    337 |    539 |   1 | 1014.0 |
       Dungeon |   1014 |   1014 |      0 |    337 |    539 |   1 | 1014.0 |
               +--------+--------+--------+--------+--------+-----+--------+

Top non-repeatable levels by time:
     D:1: 744 daAuts
Note: time per level data comes from an upgraded game and may be incomplete.
